 Dungeon Crawl Stone Soup version 0.27.1-33-g824d729ab1 (webtiles) character file.

Game seed: 15480786480808026024

2238 unlimited1921 the Magician (level 8, -1/63 HPs)
             Began as a Demigod Fire Elementalist on Nov 29, 2021.
             Hit by a boomerang thrown by an orc warrior (11 damage)
             ... on level 5 of the Dungeon.
             The game lasted 00:35:08 (8986 turns).

unlimited1921 the Magician (DgFE)                   Turns: 8986, Time: 00:35:09

Health: -1/63      AC:  6    Str:  9    XL:     8   Next: 92%
Magic:  0/20       EV: 13    Int: 25    God:
Gold:   116        SH:  0    Dex: 14    Spells: 7/19 levels left

rFire    + + .     SeeInvis .   x - +0 falchion (vamp)
rCold    . . .     Faith    .   (no shield)
rNeg     . . .     Spirit   +   B - +2 robe {rF+}
rPois    .         Reflect  .   (no helmet)
rElec    .         Harm     .   (no cloak)
rCorr    .         Rampage  .   t - +0 pair of gloves
Will     .....                  y - +0 pair of boots
Stlth    ++........             u - amulet of guardian spirit
HPRegen  0.20/turn              s - ring of protection from fire
MPRegen  0.17/turn              (no ring)

@: no status effects
A: high mp 1, forlorn
a: no special abilities


You were on level 5 of the Dungeon.
You visited 1 branch of the dungeon, and saw 6 of its levels.

You collected 192 gold pieces.
You spent 76 gold pieces at shops.

Inventory:

Hand Weapons
 b - a +0 mace
 f - a +0 long sword
 g - a +0 great mace
 j - a +0 scythe
 n - a +0 fustibalus
 v - a +0 hunting sling
 x - a +0 vampiric falchion (weapon)
 D - a +3 falchion of flaming
 F - a +1 dagger of protection
Missiles
 h - 19 sling bullets
 l - 49 poisoned darts (quivered)
 A - 5 arrows
Armour
 r - a +0 tower shield
 t - a +0 pair of gloves (worn)
 y - a +0 pair of boots (worn)
 B - a +2 robe of fire resistance (worn)
Jewellery
 s - a ring of protection from fire (left hand)
 u - an amulet of guardian spirit (around neck)
Wands
 d - a wand of paralysis (9)
Scrolls
 c - 3 scrolls of teleportation
 o - 2 scrolls of enchant armour
 p - a scroll of fear
 q - a scroll of blinking
 C - a scroll of summoning {unknown}
 E - a scroll of identify
Potions
 a - a potion of brilliance {unknown}
 e - a potion of might {unknown}
 i - a potion of attraction {unknown}
 k - a potion of heal wounds
 m - 3 potions of flight {unknown}
 w - 2 potions of curing {unknown}
 z - a potion of mutation {unknown}


   Skills:
 * Level 3.5 Fighting
 + Level 1.6 Long Blades
 + Level 0.5 Maces & Flails
 + Level 2.1 Throwing
 * Level 4.5 Dodging
 + Level 3.2 Stealth
 * Level 6.0 Spellcasting
 + Level 3.4 Conjurations
 + Level 0.3 Hexes
 + Level 5.2 Fire Magic


You had 7 spell levels left.
You knew the following spells:

 Your Spells              Type           Power      Damage    Failure   Level
a - Foxfire               Conj/Fire      100%       2x1d9     1%          1
b - Conjure Flame         Conj/Fire      29%        6-21      3%          3
c - Inner Flame           Hex/Fire       21%        N/A       7%          3
d - Fireball              Conj/Fire      14%        3d8       34%         5

Your spell library contained the following spells:

 Spells                   Type           Power      Damage    Failure   Level
 Sticky Flame             Conj/Fire      29%        2d5       12%         4
 Dispersal                Tloc           3%         N/A       100%        6
 Disjunction              Tloc           3%         N/A       100%        8


Dungeon Overview and Level Annotations

Branches:
Dungeon (6/15)             Temple (0/1) D:6

Shops:
D:3 *


Innate Abilities, Weirdness & Mutations

Your attributes grow dramatically as you level up.
You have an increased reservoir of magic. (+10% MP)
You shall have no god before yourself.


Message History

Confirm with . or Enter, or press ? or * to list all spells.
You conjure some foxfire!
The foxfire hits the orc warrior.
The orc warrior is heavily wounded.
The foxfire hits the orc warrior.
The orc warrior is heavily wounded.
Casting: Foxfire (safe; 1% risk of failure)
Confirm with . or Enter, or press ? or * to list all spells.
You conjure some foxfire!
The foxfire hits the orc warrior but does no damage.
The orc warrior is heavily wounded.
The foxfire hits the orc warrior but does no damage.
The orc warrior is heavily wounded.
The orc warrior throws a boomerang.
The boomerang closely misses you.
Casting: Foxfire (safe; 1% risk of failure)
Confirm with . or Enter, or press ? or * to list all spells.
You conjure some foxfire!
The foxfire hits the orc warrior.
The orc warrior is severely wounded.
The foxfire hits the orc warrior but does no damage.
The orc warrior is severely wounded.
Casting: Foxfire (safe; 1% risk of failure)
Confirm with . or Enter, or press ? or * to list all spells.
You conjure some foxfire!
The orc warrior barely misses you.
The foxfire hits the orc warrior but does no damage.
The orc warrior is severely wounded.
The foxfire hits the orc warrior but does no damage.
The orc warrior is severely wounded.
There is a stone staircase leading up here.
Something hits you.
You climb upwards.
Reactivating autopickup.
There is a stone staircase leading down here.
The orc warrior throws a boomerang.
The boomerang barely misses you.
The orc warrior throws a boomerang.
The boomerang closely misses you.
The orc warrior throws a boomerang.
The boomerang hits you!
* * * LOW HITPOINT WARNING * * *
The orc warrior throws a boomerang.
The boomerang barely misses you.
The orc warrior throws a boomerang.
The boomerang hits you!
You die...

#..............#
#..............##
#.............o.##
##...............##
###########......####
##........###
#..........##
#...........#
##.@........##
#...........# #
##..###......# ##
##..####.....## .#
##..####......# .#
##..####...##..# )#
#..####..#####.# ##
#<.###..## ### #
##..#.###


You could see an orc warrior.

Vanquished Creatures
  A boulder beetle (D:6)
  A two-headed ogre (D:5)
  Sigmund (D:2)
  2 ogres
  A bullfrog (D:6)
  A scorpion (D:5)
  A bullfrog zombie (D:5)
  3 hounds
  A bullfrog skeleton (D:5)
  3 iguanas
  3 orc wizards
  A hound skeleton (D:5)
  10 adders
  A shadow imp (D:5)
  An ufetubus (D:4)
  4 dart slugs
  4 orcs
  2 ball pythons
  3 endoplasms
  A giant cockroach (D:4)
  4 hobgoblins
  4 jackals
  3 quokkas
  3 bats
  2 frilled lizards (D:1)
  8 goblins
  4 kobolds
73 creatures vanquished.

Vanquished Creatures (collateral kills)
  7 foxfires (D:5)
7 creatures vanquished.

Vanquished Creatures (others)
  347 foxfires
  3 withered plants (D:5)
350 creatures vanquished.

Grand Total: 430 creatures vanquished

Notes
Turn   | Place    | Note
-------+----------+-------------------------------------------
     0 | D:1      | unlimited1921 the Demigod Fire Elementalist began the quest
                  | for the Orb.
     0 | D:1      | Reached XP level 1. HP: 14/14 MP: 5/5
   503 | D:1      | Reached skill level 2 in Spellcasting
   598 | D:1      | You fall into a shaft and drop 1 floor!
   612 | D:2      | Reached XP level 2. HP: 20/20 MP: 1/7
   620 | D:2      | Reached skill level 1 in Conjurations
   899 | D:2      | Reached XP level 3. HP: 26/26 MP: 6/9
  1330 | D:2      | Noticed Sigmund
  1354 | D:2      | Killed Sigmund
  1355 | D:2      | Reached skill level 3 in Spellcasting
  1355 | D:2      | Reached XP level 4. HP: 33/33 MP: 4/11
  1355 | D:2      | Reached XP level 5. HP: 38/38 MP: 4/12
  2600 | D:3      | Found Kyameg's Assorted Antiques.
  2610 | D:3      | Bought a scroll labelled BIOLARIDAC for 19 gold pieces
  2610 | D:3      | Bought a scroll labelled OTWIZY KIUTIE for 19 gold pieces
  2610 | D:3      | Bought a scroll labelled HOOTIN ZISEU for 19 gold pieces
  2610 | D:3      | Bought a scroll labelled JOIDEZX BAEK for 19 gold pieces
  4601 | D:4      | Noticed an ogre
  4613 | D:4      | Killed an ogre
  4614 | D:4      | Reached skill level 1 in Fighting
  4614 | D:4      | Reached XP level 6. HP: 47/47 MP: 7/14
  6194 | D:5      | Entered Level 5 of the Dungeon
  6224 | D:5      | Reached skill level 4 in Spellcasting
  6594 | D:5      | Reached XP level 7. HP: 52/52 MP: 10/16
  7882 | D:5      | Noticed a two-headed ogre
  7900 | D:5      | Killed a two-headed ogre
  7901 | D:5      | Reached skill level 1 in Throwing
  7901 | D:5      | Reached skill level 5 in Spellcasting
  7901 | D:5      | Reached XP level 8. HP: 28/62 MP: 6/19
  8548 | D:5      | Learned a level 3 spell: Conjure Flame
  8552 | D:5      | Learned a level 3 spell: Inner Flame
  8558 | D:5      | Learned a level 5 spell: Fireball
  8782 | D:6      | Noticed a boulder beetle
  8802 | D:6      | Killed a boulder beetle
  8803 | D:6      | Reached skill level 1 in Long Blades
  8803 | D:6      | Reached skill level 5 in Fire Magic
  8821 | D:6      | Found a staircase to the Ecumenical Temple.
  8909 | D:6      | Reached skill level 6 in Spellcasting
  8944 | D:6      | HP: 2/63 [orc priest/divine providence (6)]
  8986 | D:5      | Hit by a boomerang thrown by an orc warrior

Illustrated notes

Levels and vault maps discovered:
D:1:      minmay_arrival_five_plusses, layout_basic
D:2:      layout_loops_corners, basic_altar, minmay_fractal_squares_5,
          uniq_sigmund
D:3:      layout_basic, mainiacjoe_overflow_chevrons, serial_shops, shop
D:4:      layout_layer_cave
D:5:      layout_layer_cave, kiku_gazebo_garden_becter
D:6:      layout_rooms, mainiacjoe_overflow_alcove_4,
          minmay_temple_entry_drinking_statues, minmay_misc_feat_cross,
          hangedman_decor_slide_cut, uniq_grinder

Skill      XL: |  1  2  3  4  5  6  7  8 |
---------------+-------------------------+-----
Stealth        | 2 3 |  3.2
Spellcasting   | 2 3 4 5 6 |  6.0
Fire Magic     | 3 4 5 |  5.2
Conjurations   | 1 2 3 |  3.4
Dodging        | 2 3 4 |  4.5
Fighting       | 1 2 3 |  3.5
Throwing       | 1 2 |  2.1
Long Blades    | 1 |  1.6
Maces & Flails | |  0.5
Hexes          | |  0.3

Action                   |  1- 3 |  4- 6 |  7- 9 || total
-------------------------+-------+-------+-------++-------
Melee: Mace              |     9 |     1 |       ||    10
       Falchion          |       |     6 |    10 ||    16
       Long sword        |       |     1 |       ||     1
Throw: Dart              |       |       |    16 ||    16
 Cast: Foxfire           |    31 |   130 |    54 ||   215
       Inner Flame       |       |       |     2 ||     2
  Use: Scroll            |       |     4 |     1 ||     5
       Potion            |       |     1 |     1 ||     2
Armor: Robe              |     3 |     1 |     2 ||     6
Dodge: Dodged            |     9 |    12 |    19 ||    40
       Rpst.: Falchion   |       |     4 |     4 ||     8
       Long sword        |       |     1 |       ||     1
